A+ EAST
ASHEVILLE TOURISTS @ HUDSON VALLEY RENEGADES
08/29/2041
 
TOP OF THE 1ST
Asheville Tourists batting - Pitching for Hudson Valley Renegades : RHP Juan Ferreira
Pitching: RHP Juan Ferreira
Batting: RHB Raúl Villa 0-0: Foul Ball, location: 25F
0-1: Ball
1-1: Foul Ball, location: 2F
1-2: Ground out 4-3 (Groundball, 4, EV 81.9 MPH)
Batting: SHB Robinson Fernández 0-0: Foul Ball, location: 3SF
0-1: Called Strike
0-2: Strikes out swinging
Batting: RHB Jared Clemente 0-0: Called Strike
0-1: Ball
1-1: Ball
2-1: Foul Ball, location: 2F
2-2: Ball
3-2: Foul Ball, location: 25F
3-2: Base on Balls
Batting: LHB Mike Halfyard 0-0: Swinging Strike
0-1: Ground out 4-3 (Groundball, 34, EV 82.5 MPH)
Top of the 1st over - 0 runs, 0 hits, 0 errors, 1 left on base; Asheville 0 - Hudson Valley 0
BOTTOM OF THE 1ST
Hudson Valley Renegades batting - Pitching for Asheville Tourists : LHP Joaquín Álvarez
Pitching: LHP Joaquín Álvarez
Batting: RHB Luis Romero 0-0: Ball
1-0: Fly out, F2 (Popup, 23F, EV 85.6 MPH)
Batting: RHB Juan Flores 0-0: Called Strike
0-1: Fly out, F7 (Flyball, 7LSF, EV 92.5 MPH)
Batting: RHB Donnie McIlzegowie 0-0: Ball
1-0: Swinging Strike
1-1: Ball
2-1: Ball
3-1: Called Strike
3-2: Strikes out swinging
Bottom of the 1st over - 0 runs, 0 hits, 0 errors, 0 left on base; Asheville 0 - Hudson Valley 0
TOP OF THE 2ND
Asheville Tourists batting - Pitching for Hudson Valley Renegades : RHP Juan Ferreira
Batting: LHB Héctor Jourdan 0-0: Called Strike
0-1: Ground out U3 (Groundball, 3, EV 78.1 MPH)
Batting: RHB Lou Horn 0-0: Ball
1-0: Ball
2-0: Called Strike
2-1: Foul Ball, location: 2F
2-2: Strikes out looking
Batting: RHB Jimmy Davidson 0-0: Called Strike
0-1: Called Strike
0-2: Ball
1-2: Foul Ball, location: 2F
1-2: Fly out, F8 (Flyball, 8LXD, EV 108.1 MPH)
Top of the 2nd over - 0 runs, 0 hits, 0 errors, 0 left on base; Asheville 0 - Hudson Valley 0
BOTTOM OF THE 2ND
Hudson Valley Renegades batting - Pitching for Asheville Tourists : LHP Joaquín Álvarez
Batting: RHB Tony Cole 0-0: Called Strike
0-1: Called Strike
0-2: Ball
1-2: Ball
2-2: Ball
3-2: Strikes out looking
Batting: LHB Danny Roberts 0-0: Ball
1-0: Ground out 4-3 (Groundball, 4, EV 99.4 MPH)
Batting: RHB Steve McAllister 0-0: Called Strike
0-1: Called Strike
0-2: Ball
1-2: Strikes out looking
Bottom of the 2nd over - 0 runs, 0 hits, 0 errors, 0 left on base; Asheville 0 - Hudson Valley 0
TOP OF THE 3RD
Asheville Tourists batting - Pitching for Hudson Valley Renegades : RHP Juan Ferreira
Batting: RHB Clint Hancock 0-0: Called Strike
0-1: Ball
1-1: Foul Ball, location: 9LSF
1-2: Strikes out looking
Batting: RHB José Carlos Rangel 0-0: Swinging Strike
0-1: Swinging Strike
0-2: Ball
1-2: Ball
2-2: Foul Ball, location: 2F
2-2: Strikes out looking
Batting: RHB Raúl Villa 0-0: Foul Ball, location: 25F
0-1: Swinging Strike
0-2: Strikes out looking
Top of the 3rd over - 0 runs, 0 hits, 0 errors, 0 left on base; Asheville 0 - Hudson Valley 0
BOTTOM OF THE 3RD
Hudson Valley Renegades batting - Pitching for Asheville Tourists : LHP Joaquín Álvarez
Batting: RHB Tommy Lott 0-0: Ball
1-0: Ground out 5-3 (Groundball, 5S, EV 64.4 MPH)
Batting: SHB Eric Powell 0-0: Ground out 6-3 (Groundball, 56, EV 81.3 MPH)
Batting: LHB Alex Mata 0-0: Ball
1-0: SINGLE (Groundball, 6MD, EV 95.0 MPH)
Batting: RHB Luis Romero 0-0: Ball
1-0: Called Strike
1-1: Foul Ball, location: 2F
1-2: Strikes out swinging
Bottom of the 3rd over - 0 runs, 1 hit, 0 errors, 1 left on base; Asheville 0 - Hudson Valley 0
TOP OF THE 4TH
Asheville Tourists batting - Pitching for Hudson Valley Renegades : RHP Juan Ferreira
Batting: SHB Robinson Fernández 0-0: Called Strike
0-1: Foul Ball, location: 23F
0-2: Ball
1-2: Ball
2-2: Foul Ball, location: 2F
2-2: Ball
3-2: Base on Balls
Batting: RHB Jared Clemente 0-0: Called Strike
0-1: Ball
1-1: Called Strike
Robinson Fernández is caught stealing 2nd base 2-4
1-2: Foul Ball, location: 2F
1-2: Strikes out swinging
Batting: LHB Mike Halfyard 0-0: Called Strike
0-1: Ball
1-1: Foul Ball, location: 2F
1-2: Fly out, F4 (Flyball, 34D, EV 88.8 MPH)
Top of the 4th over - 0 runs, 0 hits, 0 errors, 0 left on base; Asheville 0 - Hudson Valley 0
BOTTOM OF THE 4TH
Hudson Valley Renegades batting - Pitching for Asheville Tourists : LHP Joaquín Álvarez
Batting: RHB Juan Flores 0-0: Called Strike
0-1: Ball
1-1: Ball
2-1: Ball
3-1: Base on Balls
Batting: RHB Donnie McIlzegowie 0-0: Called Strike
0-1: Grounds into double play, 6-4-3 (Groundball, 6, EV 83.1 MPH)
Batting: RHB Tony Cole 0-0: Called Strike
0-1: Ball
1-1: Foul Ball, location: 3F
1-2: Strikes out looking
Bottom of the 4th over - 0 runs, 0 hits, 0 errors, 0 left on base; Asheville 0 - Hudson Valley 0
TOP OF THE 5TH
Asheville Tourists batting - Pitching for Hudson Valley Renegades : RHP Juan Ferreira
Batting: LHB Héctor Jourdan 0-0: Ball
1-0: Ball
2-0: SINGLE (Line Drive, 4D, EV 94.4 MPH)
Batting: RHB Lou Horn 0-0: Called Strike
0-1: Ball
1-1: Ball
2-1: Swinging Strike
2-2: Fly out, F7 (Flyball, 78M, EV 91.3 MPH)
Batting: RHB Jimmy Davidson 0-0: Called Strike
0-1: Grounds into double play, 5-4-3 (Groundball, 56S, EV 88.8 MPH)
Top of the 5th over - 0 runs, 1 hit, 0 errors, 0 left on base; Asheville 0 - Hudson Valley 0
BOTTOM OF THE 5TH
Hudson Valley Renegades batting - Pitching for Asheville Tourists : LHP Joaquín Álvarez
Batting: LHB Danny Roberts 0-0: Ball
1-0: Swinging Strike
1-1: Called Strike
1-2: Strikes out swinging
Batting: RHB Steve McAllister 0-0: Ball
1-0: Ground out 6-3 (Groundball, P, EV 81.9 MPH)
Batting: RHB Tommy Lott 0-0: Ball
1-0: Foul Ball, location: 25F
1-1: Ball
2-1: Swinging Strike
2-2: Foul Ball, location: 9LSF
2-2: Ball
3-2: Base on Balls
Batting: SHB Eric Powell 0-0: Ball
1-0: Called Strike
1-1: Ball
2-1: Swinging Strike
2-2: Strikes out looking
Bottom of the 5th over - 0 runs, 0 hits, 0 errors, 1 left on base; Asheville 0 - Hudson Valley 0
TOP OF THE 6TH
Asheville Tourists batting - Pitching for Hudson Valley Renegades : RHP Juan Ferreira
Batting: RHB Clint Hancock 0-0: Ball
1-0: Swinging Strike
1-1: Called Strike
1-2: Foul Ball, location: 2F
1-2: Ball
2-2: Strikes out looking
Batting: RHB José Carlos Rangel 0-0: Called Strike
0-1: Ball
1-1: Ball
2-1: Foul Ball, location: 2F
2-2: Ball
3-2: Strikes out looking
Batting: RHB Raúl Villa 0-0: Foul Ball, location: 25F
0-1: Called Strike
0-2: Ball
1-2: Ball
2-2: Foul Ball, location: 5F
2-2: Strikes out looking
Top of the 6th over - 0 runs, 0 hits, 0 errors, 0 left on base; Asheville 0 - Hudson Valley 0
BOTTOM OF THE 6TH
Hudson Valley Renegades batting - Pitching for Asheville Tourists : LHP Joaquín Álvarez
Batting: LHB Alex Mata 0-0: Ball
1-0: Foul Ball, location: 25FF
1-1: Ground out U3 (Groundball, 3S, EV 72.5 MPH)
Batting: RHB Luis Romero 0-0: Ball
1-0: Called Strike
1-1: Foul Ball, location: 2F
1-2: Strikes out looking
Batting: RHB Juan Flores 0-0: Swinging Strike
0-1: Called Strike
0-2: Ball
1-2: Ball
2-2: Foul Ball, location: 5F
2-2: Ground out 4-3 (Groundball, 4MS, EV 70.0 MPH)
Bottom of the 6th over - 0 runs, 0 hits, 0 errors, 0 left on base; Asheville 0 - Hudson Valley 0
TOP OF THE 7TH
Asheville Tourists batting - Pitching for Hudson Valley Renegades : RHP Juan Ferreira
Batting: SHB Robinson Fernández 0-0: Ball
1-0: Ground out 5-3 (Groundball, 56S, EV 76.3 MPH)
Batting: RHB Jared Clemente 0-0: Called Strike
0-1: Ball
1-1: Ball
2-1: Swinging Strike
2-2: Strikes out swinging
Batting: LHB Mike Halfyard 0-0: Called Strike
0-1: Foul Ball, location: 2F
0-2: Ball
1-2: Ground out 6-3 (Groundball, 56, EV 103.1 MPH)
Top of the 7th over - 0 runs, 0 hits, 0 errors, 0 left on base; Asheville 0 - Hudson Valley 0
BOTTOM OF THE 7TH
Hudson Valley Renegades batting - Pitching for Asheville Tourists : LHP Joaquín Álvarez
Batting: RHB Donnie McIlzegowie 0-0: Ball
1-0: Swinging Strike
1-1: Swinging Strike
1-2: Strikes out swinging
Batting: RHB Tony Cole 0-0: Called Strike
0-1: Foul Ball, location: 5F
0-2: Ball
1-2: Ball
2-2: Ground out 5-3 (Groundball, 56S, EV 83.8 MPH)
Batting: LHB Danny Roberts 0-0: Ball
1-0: Ball
2-0: Ball
3-0: Called Strike
3-1: Base on Balls
Batting: RHB Steve McAllister 0-0: Ball
1-0: Swinging Strike
1-1: Ball
2-1: Swinging Strike
2-2: Foul Ball, location: 2F
2-2: Ball
3-2: Base on Balls
Danny Roberts to second
Batting: RHB Tommy Lott 0-0: Ball
1-0: Foul Ball, location: 3F
1-1: Called Strike
1-2: Ball
2-2: Foul Ball, location: 2F
2-2: Strikes out swinging
Bottom of the 7th over - 0 runs, 0 hits, 0 errors, 2 left on base; Asheville 0 - Hudson Valley 0
TOP OF THE 8TH
Asheville Tourists batting - Pitching for Hudson Valley Renegades : RHP Juan Ferreira
Batting: LHB Héctor Jourdan 0-0: Called Strike
0-1: Ball
1-1: Fly out, F7 (Line Drive, 7, EV 96.9 MPH)
Batting: RHB Lou Horn 0-0: Ground out 5-3 (Groundball, 56S, EV 81.3 MPH)
Batting: RHB Jimmy Davidson 0-0: Foul Ball, location: 2F
0-1: Swinging Strike
0-2: Ball
1-2: Ball
2-2: Ground out 5-3 (Groundball, 56S, EV 84.4 MPH)
Top of the 8th over - 0 runs, 0 hits, 0 errors, 0 left on base; Asheville 0 - Hudson Valley 0
BOTTOM OF THE 8TH
Hudson Valley Renegades batting - Pitching for Asheville Tourists : LHP Joaquín Álvarez
Pitching: RHP Rudy Flowers
Batting: SHB Eric Powell 0-0: Called Strike
0-1: Called Strike
0-2: Ball
1-2: Fly out, F8 (Flyball, 78M, EV 90.6 MPH)
Batting: LHB Alex Mata 0-0: SINGLE (Line Drive, 4D, EV 95.6 MPH)
Batting: RHB Luis Romero 0-0: Ball
1-0: Swinging Strike
1-1: Ball
2-1: Bunt missed!
2-2: Foul Ball, location: 25F
2-2: Foul Ball, location: 3F
2-2: Ball
3-2: Strikes out looking
Batting: RHB Juan Flores 0-0: Called Strike
0-1: Ball
1-1: DOUBLE (Flyball, 78XD, EV 101.9 MPH)
Alex Mata to third
Batting: RHB Donnie McIlzegowie 0-0: Ball
1-0: Swinging Strike
1-1: Ball
2-1: Ball
3-1: Base on Balls
Batting: RHB Tony Cole 0-0: Ball
1-0: Swinging Strike
1-1: Foul Ball, location: 23FF
1-2: Ball
2-2: Strikes out looking
Bottom of the 8th over - 0 runs, 2 hits, 0 errors, 3 left on base; Asheville 0 - Hudson Valley 0
TOP OF THE 9TH
Asheville Tourists batting - Pitching for Hudson Valley Renegades : RHP Juan Ferreira
Batting: SHB José Morán 0-0: Called Strike
0-1: Foul Ball, location: 2F
0-2: Foul Ball, location: 5FF
0-2: Ball
1-2: Ball
2-2: Fly out, F7 (Flyball, 7S, EV 78.8 MPH)
Pinch Hitting: RHB Jesús Gonzáles 0-0: Ball
1-0: Foul Ball, location: 9LMF
1-1: Foul Ball, location: 7LDF
1-2: Ball
2-2: Foul Ball, location: 5DF
2-2: Ball
3-2: Strikes out looking
Batting: RHB Raúl Villa 0-0: Ball
1-0: Ball
2-0: Ball
3-0: Base on Balls
Batting: SHB Robinson Fernández 0-0: Ball
Raúl Villa steals 2nd base
1-0: Called Strike
1-1: Ball
2-1: Swinging Strike
2-2: Strikes out swinging
Top of the 9th over - 0 runs, 0 hits, 0 errors, 1 left on base; Asheville 0 - Hudson Valley 0
BOTTOM OF THE 9TH
Hudson Valley Renegades batting - Pitching for Asheville Tourists : RHP Rudy Flowers
Now at C: Jesús Gonzáles
Batting: LHB Danny Roberts 0-0: Foul Ball, location: 3FF
0-1: Swinging Strike
0-2: Strikes out swinging
Batting: RHB Steve McAllister 0-0: Ball
1-0: Foul Ball, location: 2F
1-1: SINGLE (Groundball, 34D, EV 104.4 MPH)
Batting: RHB Tommy Lott 0-0: Bunted foul
0-1: Sac Bunt to 2L - play at first, batter OUT! 2-4
Steve McAllister to second
Batting: SHB Eric Powell 0-0: Ball
1-0: Ball
2-0: Called Strike
2-1: Foul Ball, location: 2F
2-2: Strikes out swinging
Bottom of the 9th over - 0 runs, 1 hit, 0 errors, 1 left on base; Asheville 0 - Hudson Valley 0
TOP OF THE 10TH
Asheville Tourists batting - Pitching for Hudson Valley Renegades : RHP Juan Ferreira
Batting: RHB Jared Clemente 0-0: Ball
1-0: Ball
2-0: Ground out 6-3 (Groundball, 6, EV 92.5 MPH)
Batting: LHB Mike Halfyard 0-0: Foul Ball, location: 7LSF
0-1: Ball
1-1: Ball
2-1: SINGLE (Line Drive, 34, EV 102.5 MPH)
Batting: LHB Héctor Jourdan 0-0: Called Strike
0-1: Swinging Strike
0-2: Foul Ball, location: 2F
0-2: Strikes out looking
Pinch Hitting: SHB Erik Ashe 0-0: Called Strike
0-1: Ball
1-1: Ball
2-1: Called Strike
2-2: Ball
3-2: Strikes out looking
Top of the 10th over - 0 runs, 1 hit, 0 errors, 1 left on base; Asheville 0 - Hudson Valley 0
BOTTOM OF THE 10TH
Hudson Valley Renegades batting - Pitching for Asheville Tourists : RHP Rudy Flowers
Pitching: RHP Wilson Vertiz
Now at 3B: Jorge Salas
Batting: LHB Alex Mata 0-0: Swinging Strike
0-1: Ball
1-1: Called Strike
1-2: Ball
2-2: Ball
3-2: Foul Ball, location: 25FF
3-2: Strikes out swinging
Batting: RHB Luis Romero 0-0: Ball
1-0: Called Strike
1-1: Swinging Strike
1-2: Fly out, F8 (Flyball, 8RS, EV 96.3 MPH)
Batting: RHB Juan Flores 0-0: Called Strike
0-1: Fly out, F8 (Flyball, 8RXD, EV 95.6 MPH)
Bottom of the 10th over - 0 runs, 0 hits, 0 errors, 0 left on base; Asheville 0 - Hudson Valley 0
TOP OF THE 11TH
Asheville Tourists batting - Pitching for Hudson Valley Renegades : RHP Juan Ferreira
Pinch Hitting: LHB Darren Gray 0-0: Foul Ball, location: 2F
0-1: Ground out U3 (Groundball, 13, EV 81.3 MPH)
Batting: SHB José Morán 0-0: Called Strike
0-1: Ball
1-1: Ball
2-1: SOLO HOME RUN (Flyball, 9D, EV 98.8 MPH), Distance : 384 ft
Batting: RHB Jesús Gonzáles 0-0: Ball
1-0: Called Strike
1-1: Ball
2-1: Ball
3-1: Foul Ball, location: 2F
3-2: Foul Ball, location: 2LF
3-2: SOLO HOME RUN (Flyball, 89XD, EV 105.6 MPH), Distance : 404 ft
Batting: RHB Raúl Villa 0-0: Ball
1-0: Ball
2-0: Ball
3-0: Base on Balls
Batting: SHB Robinson Fernández 0-0: Called Strike
0-1: Hit by Pitch
Raúl Villa to second
Batting: RHB Jared Clemente 0-0: Called Strike
0-1: Ball
1-1: Fly out, F7 (Flyball, 78S, EV 86.3 MPH)
Pitching: LHP Jim Unknown
Batting: LHB Mike Halfyard 0-0: Ball
1-0: Ball
2-0: Ball
3-0: Base on Balls
Raúl Villa to third
Robinson Fernández to second
Batting: LHB Héctor Jourdan 0-0: Foul Ball, location: 5DF
0-1: Called Strike
0-2: Strikes out swinging
Top of the 11th over - 2 runs, 2 hits, 0 errors, 3 left on base; Asheville 2 - Hudson Valley 0
BOTTOM OF THE 11TH
Hudson Valley Renegades batting - Pitching for Asheville Tourists : RHP Wilson Vertiz
Now at SS: Robinson Sandoval
Batting: RHB Donnie McIlzegowie 0-0: Ball
1-0: Ball
2-0: Foul Ball, location: 2F
2-1: SINGLE (Flyball, 34D, EV 91.9 MPH)
Batting: RHB Tony Cole 0-0: Ball
1-0: Ball
2-0: Ball
3-0: Base on Balls
Donnie McIlzegowie to second
Batting: LHB Danny Roberts 0-0: Called Strike
0-1: Ball
1-1: Called Strike
1-2: Foul Ball, location: 2F
1-2: Fly out, F9 (Line Drive, 89M, EV 91.3 MPH)
Batting: RHB Steve McAllister 0-0: Foul Ball, location: 25F
0-1: Called Strike
0-2: Strikes out swinging
Batting: RHB Tommy Lott 0-0: Foul Ball, location: 3F
0-1: Ball
1-1: Ball
2-1: Ground out U3 (Groundball, 3, EV 85.6 MPH)
Bottom of the 11th over - 0 runs, 1 hit, 0 errors, 2 left on base; Asheville 2 - Hudson Valley 0
Monday, April 1st , 2024 - OOTP Baseball 24.10 Build 82